Hurricanes vs Rangers

Created - December-06-14 at 10:43

Goals
1 2 3 T
Hurricanes 3 0 2 5
Rangers 0 1 2 3
Shots
1 2 3 T
Hurricanes 10 9 7 26
Rangers 10 12 16 38

1st period

1. Hurricanes , Alex Chiasson 3 (Dustin Byfuglien, Patrick Maroon) at 4:12
2. Hurricanes , James Neal 17 (Kevin Czuczman) at 9:05
3. Hurricanes , Blake Wheeler 12 (Nick Foligno, Derek Roy) at 18:24 (PP)

Penalties :
Alex Goligoski (NYR) for Hooking (Minor) at 1:11, Ben Lovejoy (CAR) for High sticking (Minor) at 5:29, Tyler Ennis (NYR) for Tripping (Minor) at 10:29, Benoit Pouliot (NYR) for Interference (Minor) at 17:15, Ryan Garbutt (CAR) for Tripping (Minor) at 19:49

2nd period

4. Rangers , Frans Nielsen 11 (Tyler Ennis, Alex Goligoski) at 12:19 (PP)

Penalties :
Ben Lovejoy (CAR) for Slashing (Minor) at 1:09, Blake Wheeler (CAR) for High sticking (Minor) at 10:30

3rd period

5. Rangers , Lubomir Visnovsky 1 (Derek Morris, David Legwand) at 2:11
6. Hurricanes , Kevin Czuczman 4 (Nick Foligno, Dustin Byfuglien) at 5:03 (PP)
7. Hurricanes , Ryan Garbutt 4 (James Neal, Brooks Orpik) at 7:51
8. Rangers , Karl Alzner 5 (Sean Couturier) at 11:16 (PP)

Penalties :
Mikael Backlund (NYR) for Hooking (Minor) at 3:24, Kevin Czuczman (CAR) for Roughing (Minor) at 9:19

Goalie Stats

Mike Smith (CAR), 35 saves from 38 shots - (0.921), W, 11-11-2, 60:00 minutes
Cam Talbot (NYR), 21 saves from 26 shots - (0.808), L, 6-7-2, 60:00 minutes

Players Stats for Hurricanes

Player Name              G  A  P  +/- PIM S  H  SB GA TA FO     MP     PP MP  PK MP  
------------------------------------------------------------------------------------
Alex Chiasson            1  0  1   1  0   1  0  0  0  0  0/0     4:06   0:00   0:00 
Ben Lovejoy              0  0  0   0  4   0  2  1  0  0  0/0    16:44   0:00   2:24 
Blake Wheeler            1  0  1   0  2   4  0  0  0  0  0/1    18:39   3:46   0:00 
Brad Richardson          0  0  0   1  0   1  0  0  0  0  14/33  23:49   2:41   4:28 
Brandon McMillan         0  0  0   1  0   2  0  0  0  0  1/6     4:39   0:33   0:00 
Brian Boyle              0  0  0   0  0   1  2  0  0  0  6/13   12:40   0:00   4:10 
Brooks Orpik             0  1  1   1  0   0  1  6  0  0  0/0    19:08   0:19   3:33 
Cal Clutterbuck          0  0  0   0  0   1  2  0  0  0  0/0    12:45   0:00   4:15 
Derek Roy                0  1  1   0  0   1  0  0  0  0  14/32  20:01   4:05   1:02 
Dustin Byfuglien         0  2  2   0  0   1  3  2  0  0  0/0    24:47   3:25   5:32 
James Neal               1  1  2   1  0   3  1  0  0  0  1/1    19:21   2:41   0:00 
James Wisniewski         0  0  0   1  0   0  1  1  0  0  0/0    25:00   3:17   4:58 
Kevin Czuczman           1  1  2   1  2   2  2  1  0  0  0/0    17:39   3:29   1:07 
Nick Foligno             0  2  2   0  0   2  0  0  0  0  0/1    18:59   4:05   0:00 
Patrick Maroon           0  1  1   1  0   0  1  0  0  0  0/0     4:06   0:00   0:00 
Raphael Diaz             0  0  0   1  0   2  1  0  0  0  0/0    16:39   3:02   0:33 
Ryan Garbutt             1  0  1   1  2   1  2  0  0  0  0/1    22:40   2:27   3:34 
Valeri Nichushkin        0  0  0   0  0   4  0  0  0  0  0/0     8:30   0:00   0:00 

Players Stats for Rangers

Player Name              G  A  P  +/- PIM S  H  SB GA TA FO     MP     PP MP  PK MP  
------------------------------------------------------------------------------------
Alex Goligoski           0  1  1  -1  2   1  2  0  0  0  0/0    24:51   5:16   2:17 
Benoit Pouliot           0  0  0   0  2   0  0  0  0  0  0/0     3:08   0:00   1:03 
Bryan Allen              0  0  0  -1  0   0  0  0  0  0  0/0     3:18   0:00   0:25 
Chris Tanev              0  0  0  -1  0   1  0  1  0  0  0/0    18:03   0:00   3:42 
Craig Smith              0  0  0   0  0   2  4  0  0  0  0/2    17:17   3:48   0:00 
David Legwand            0  1  1   1  0   3  0  0  0  0  8/12   13:09   0:00   0:14 
Derek Morris             0  1  1   0  0   6  0  0  0  0  0/0    17:46   5:16   0:00 
Devin Setoguchi          0  0  0   0  0   0  0  0  0  0  0/0     2:16   0:00   0:10 
Frans Nielsen            1  0  1  -3  0   5  3  0  0  0  27/37  25:37   5:16   2:35 
Jaromir Jagr             0  0  0  -3  0   4  0  0  0  0  0/1    22:55   5:16   1:59 
Karl Alzner              1  0  1  -1  0   2  1  1  0  0  0/0    21:27   3:48   3:18 
Kris Russell             0  0  0   0  0   2  1  3  0  0  0/0    22:04   3:48   3:50 
Lubomir Visnovsky        1  0  1   0  0   2  0  1  0  0  0/0    12:30   0:00   0:00 
Mark Letestu             0  0  0   1  0   2  0  0  0  0  0/0    12:55   0:00   0:00 
Mikael Backlund          0  0  0   0  2   6  3  0  0  0  0/0    20:24   3:48   3:08 
Sean Couturier           0  1  1   0  0   0  2  0  0  0  16/34  21:40   3:48   4:23 
Tomas Tatar              0  0  0   1  0   0  2  0  0  0  0/0    12:55   0:00   0:00 
Tyler Ennis              0  1  1  -3  2   2  1  2  0  0  1/2    20:55   5:16   0:00 

3 Stars

1 - James Neal (CAR)
2 - Kevin Czuczman (CAR)
3 - Dustin Byfuglien (CAR)

Power Play

Hurricanes - 2 on 4 Attempt(s) - 50.00%
Rangers - 2 on 5 Attempt(s) - 40.00%

Penalty Kill

Hurricanes - 3 on 5 Attempt(s) - 60.00% - Score 0 goal in Penalty Kill
Rangers - 2 on 4 Attempt(s) - 50.00% - Score 0 goal in Penalty Kill

Official

Referees : Brad Watson and Mark Lemelin
Linesman : Greg Devorski and Mike Cvik

Game Notes

No Game Note

Finance

Level 1 -- Attendance: 4182 (64.34%) -- Ticket Income $522,750
Level 2 -- Attendance: 4812 (96.24%) -- Ticket Income $360,900
Level 3 -- Attendance: 3493 (99.80%) -- Ticket Income $174,650
Level 4 -- Attendance: 2200 (100.00%) -- Ticket Income $55,000
Luxury Box -- Attendance: 761 (76.10%) -- Ticket Income $190,250
Game was played at the Madison Square Garden
Total Attendance: 15448 (84.88%)
Total Ticket Income: $1,303,550
Other Income: $195,532
Total Income: $1,499,082

% Time on Ice - Hurricanes

Lines # - Real PCT - Wanted PCT - Time Play
Normal Forward
1 - 38% - 38% - 16:40
2 - 34% - 35% - 14:54
3 - 19% - 17% - 8:30
4 - 9% - 10% - 4:06
Normal Defense
1 - 32% - 35% - 14:21
2 - 35% - 35% - 15:16
3 - 30% - 17% - 13:04
4 - 3% - 13% - 1:29
PP Forward
1 - 40% - 57% - 2:41
2 - 60% - 43% - 4:05
PP Defense
1 - 49% - 50% - 3:17
2 - 51% - 50% - 3:29
PK Forward
1 - 50% - 50% - 4:10
2 - 50% - 50% - 4:15
PK Defense
1 - 59% - 50% - 4:56
2 - 41% - 50% - 3:29
PK3 Forward
1 - 100% - 60% - 0:39
2 - 0% - 40% - 0:00
PK3 Defense
1 - 10% - 60% - 0:04
2 - 90% - 40% - 0:35
44 Forward
1 - 0% - 50%
2 - 0% - 50%
44 Defense
1 - 0% - 50%
2 - 0% - 50%
Last Minute Offensive  - 0:00
Last Minute Defensive  - 0:00
Total
Forward - 60:00
Defense - 60:00

% Time on Ice - Rangers

Lines # - Real PCT - Wanted PCT - Time Play
Normal Forward
1 - 35% - 40% - 15:40
2 - 31% - 30% - 13:29
3 - 29% - 20% - 12:55
4 - 5% - 10% - 2:06
Normal Defense
1 - 33% - 40% - 14:26
2 - 32% - 30% - 14:21
3 - 28% - 20% - 12:30
4 - 7% - 10% - 2:53
PP Forward
1 - 58% - 60% - 5:16
2 - 42% - 40% - 3:48
PP Defense
1 - 58% - 60% - 5:16
2 - 42% - 40% - 3:48
PK Forward
1 - 71% - 60% - 4:47
2 - 29% - 40% - 1:59
PK Defense
1 - 45% - 60% - 3:03
2 - 55% - 40% - 3:43
PK3 Forward
1 - 0% - 60%
2 - 0% - 40%
PK3 Defense
1 - 0% - 60%
2 - 0% - 40%
44 Forward
1 - 0% - 60%
2 - 0% - 40%
44 Defense
1 - 0% - 60%
2 - 0% - 40%
Last Minute Offensive  - 0:00
Last Minute Defensive  - 0:00
Total
Forward - 60:00
Defense - 60:00

Play by Play

1st period


0:01 of 1st period - Frans Nielsen wins face-off versus Brad Richardson in neutral zone.
0:27 of 1st period - Icing by Ben Lovejoy.
0:28 of 1st period - James Neal wins face-off versus Sean Couturier in Hurricanes zone.
0:28 of 1st period - James Neal is hit by Craig Smith.
0:41 of 1st period - Shot by James Neal.
0:41 of 1st period - Stopped by Cam Talbot without a rebound.
0:42 of 1st period - David Legwand wins face-off versus Derek Roy in Rangers zone.
0:48 of 1st period - Off-side.
0:49 of 1st period - Frans Nielsen wins face-off versus Derek Roy in neutral zone.
1:11 of 1st period - Minor Penalty to Alex Goligoski for Hooking.
1:12 of 1st period - Brad Richardson wins face-off versus Sean Couturier in Rangers zone.
3:13 of 1st period - Shot by Blake Wheeler.
3:13 of 1st period - Shot Misses the Net.
3:48 of 1st period - Icing by Brooks Orpik.
3:49 of 1st period - Brian Boyle wins face-off versus Frans Nielsen in Hurricanes zone.
4:12 of 1st period - Shot by Alex Chiasson.
4:12 of 1st period - Goal by Alex Chiasson - Hurricanes : 1 - Rangers : 0.
4:13 of 1st period - Brad Richardson wins face-off versus Sean Couturier in neutral zone.
4:22 of 1st period - Raphael Diaz is hit by Sean Couturier and loses puck.
4:47 of 1st period - Shot by James Neal.
4:47 of 1st period - Shot Hit the Post.
4:49 of 1st period - Shot by Raphael Diaz.
4:49 of 1st period - Shot Misses the Net.
4:51 of 1st period - Shot by Brad Richardson.
4:51 of 1st period - Stopped by Cam Talbot with a rebound.
4:53 of 1st period - Shot by James Neal.
4:53 of 1st period - Shot Blocked by Chris Tanev.
5:00 of 1st period - Sean Couturier is hit by James Neal and loses puck.
5:18 of 1st period - Icing by Ben Lovejoy.
5:19 of 1st period - Frans Nielsen wins face-off versus Derek Roy in Hurricanes zone.
5:19 of 1st period - Kris Russell is hit by Ben Lovejoy and loses puck.
5:29 of 1st period - Minor Penalty to Ben Lovejoy for High sticking.
5:30 of 1st period - Brian Boyle wins face-off versus Frans Nielsen in Hurricanes zone.
5:30 of 1st period - Brian Boyle is hit by Tyler Ennis.
5:44 of 1st period - Shot by Jaromir Jagr.
5:44 of 1st period - Shot Misses the Net.
6:02 of 1st period - Shot by Alex Goligoski.
6:02 of 1st period - Shot Misses the Net.
6:04 of 1st period - Shot by Derek Morris.
6:04 of 1st period - Stopped by Mike Smith with a rebound.
6:06 of 1st period - Shot by Alex Goligoski.
6:06 of 1st period - Stopped by Mike Smith without a rebound.
6:07 of 1st period - Brad Richardson wins face-off versus Craig Smith in Hurricanes zone.
7:11 of 1st period - Shot by Jaromir Jagr.
7:11 of 1st period - Stopped by Mike Smith without a rebound.
7:12 of 1st period - Frans Nielsen wins face-off versus Brad Richardson in Hurricanes zone.
7:48 of 1st period - Shot by David Legwand.
7:48 of 1st period - Stopped by Mike Smith without a rebound.
7:49 of 1st period - Sean Couturier wins face-off versus Brandon McMillan in Hurricanes zone.
7:58 of 1st period - Craig Smith is hit by Patrick Maroon and loses puck.
8:05 of 1st period - Shot by Brandon McMillan.
8:05 of 1st period - Stopped by Cam Talbot without a rebound.
8:06 of 1st period - Frans Nielsen wins face-off versus Derek Roy in Rangers zone.
8:28 of 1st period - Shot by Nick Foligno.
8:28 of 1st period - Shot Blocked by Lubomir Visnovsky.
9:05 of 1st period - Shot by James Neal.
9:05 of 1st period - Goal by James Neal - Hurricanes : 2 - Rangers : 0.
9:06 of 1st period - Sean Couturier wins face-off versus Brian Boyle in neutral zone.
9:38 of 1st period - Off-side.
9:39 of 1st period - Brad Richardson wins face-off versus David Legwand in neutral zone.
9:48 of 1st period - Shot by David Legwand.
9:48 of 1st period - Shot Misses the Net.
10:29 of 1st period - Minor Penalty to Tyler Ennis for Tripping.
10:30 of 1st period - Sean Couturier wins face-off versus Derek Roy in Rangers zone.
10:55 of 1st period - Icing by Ryan Garbutt.
10:56 of 1st period - Derek Roy wins face-off versus Sean Couturier in Hurricanes zone.
12:19 of 1st period - Shot by James Wisniewski.
12:19 of 1st period - Shot Misses the Net.
12:21 of 1st period - Shot by Brandon McMillan.
12:21 of 1st period - Stopped by Cam Talbot without a rebound.
12:22 of 1st period - Sean Couturier wins face-off versus Derek Roy in Rangers zone.
12:34 of 1st period - Icing by James Wisniewski.
12:35 of 1st period - Frans Nielsen wins face-off versus Brian Boyle in Hurricanes zone.
12:36 of 1st period - Shot by Jaromir Jagr.
12:36 of 1st period - Stopped by Mike Smith without a rebound.
12:37 of 1st period - Frans Nielsen wins face-off versus Brandon McMillan in Hurricanes zone.
12:54 of 1st period - Shot by Tyler Ennis.
12:54 of 1st period - Stopped by Mike Smith without a rebound.
12:55 of 1st period - Sean Couturier wins face-off versus Derek Roy in Hurricanes zone.
12:55 of 1st period - Sean Couturier is hit by Brooks Orpik.
13:04 of 1st period - Shot by Sean Couturier.
13:04 of 1st period - Shot Blocked by Brooks Orpik.
13:06 of 1st period - Shot by Lubomir Visnovsky.
13:06 of 1st period - Stopped by Mike Smith without a rebound.
13:07 of 1st period - Brad Richardson wins face-off versus Frans Nielsen in Hurricanes zone.
13:07 of 1st period - Ryan Garbutt is hit by Frans Nielsen and loses puck.
13:11 of 1st period - Dustin Byfuglien is hit by Frans Nielsen.
13:32 of 1st period - Off-side.
13:33 of 1st period - Derek Roy wins face-off versus Sean Couturier in neutral zone.
13:33 of 1st period - James Wisniewski is hit by Mikael Backlund and loses puck.
13:46 of 1st period - Shot by Sean Couturier.
13:46 of 1st period - Shot Misses the Net.
13:48 of 1st period - Shot by Mikael Backlund.
13:48 of 1st period - Deflect By Sean Couturier.
13:48 of 1st period - Shot Blocked by Brooks Orpik.
13:52 of 1st period - Shot by Sean Couturier.
13:52 of 1st period - Shot Blocked by Brooks Orpik.
13:58 of 1st period - Shot by Mikael Backlund.
13:58 of 1st period - Stopped by Mike Smith with a rebound.
15:07 of 1st period - Shot by James Neal.
15:07 of 1st period - Deflect By Ryan Garbutt.
15:07 of 1st period - Shot Misses the Net.
15:25 of 1st period - Shot by David Legwand.
15:25 of 1st period - Stopped by Mike Smith with a rebound.
16:36 of 1st period - Shot by Valeri Nichushkin.
16:36 of 1st period - Stopped by Cam Talbot with a rebound.
16:41 of 1st period - Sean Couturier is hit by Kevin Czuczman.
16:55 of 1st period - Shot by Mikael Backlund.
16:55 of 1st period - Stopped by Mike Smith with a rebound.
17:15 of 1st period - Minor Penalty to Benoit Pouliot for Interference.
17:16 of 1st period - Sean Couturier wins face-off versus Derek Roy in Rangers zone.
17:49 of 1st period - Shot by Blake Wheeler.
17:49 of 1st period - Stopped by Cam Talbot without a rebound.
17:50 of 1st period - Derek Roy wins face-off versus Frans Nielsen in Rangers zone.
17:53 of 1st period - Shot by Kevin Czuczman.
17:53 of 1st period - Stopped by Cam Talbot without a rebound.
17:54 of 1st period - Frans Nielsen wins face-off versus Blake Wheeler in Rangers zone.
18:06 of 1st period - Icing by Blake Wheeler.
18:07 of 1st period - Frans Nielsen wins face-off versus Derek Roy in Hurricanes zone.
18:12 of 1st period - Shot by Frans Nielsen.
18:12 of 1st period - Shot Misses the Net.
18:22 of 1st period - Shot by Nick Foligno.
18:22 of 1st period - Shot Blocked by Kris Russell.
18:24 of 1st period - Shot by Blake Wheeler.
18:24 of 1st period - Goal by Blake Wheeler - Hurricanes : 3 - Rangers : 0.
18:25 of 1st period - David Legwand wins face-off versus Brandon McMillan in neutral zone.
19:49 of 1st period - Minor Penalty to Ryan Garbutt for Tripping.
19:50 of 1st period - Brad Richardson wins face-off versus Sean Couturier in Hurricanes zone.
Goals for this period are 3 for Hurricanes vs 0 for Rangers.
Shots for this period are 10 for Hurricanes vs 10 for Rangers.

2nd period


0:01 of 2nd period - Frans Nielsen wins face-off versus Brad Richardson in neutral zone.
0:24 of 2nd period - Shot by Frans Nielsen.
0:24 of 2nd period - Shot Misses the Net.
0:26 of 2nd period - Shot by Alex Goligoski.
0:26 of 2nd period - Shot Misses the Net.
0:28 of 2nd period - Shot by Frans Nielsen.
0:28 of 2nd period - Stopped by Mike Smith without a rebound.
0:29 of 2nd period - Sean Couturier wins face-off versus Brad Richardson in Hurricanes zone.
0:30 of 2nd period - Shot by Kris Russell.
0:30 of 2nd period - Shot Misses the Net.
0:32 of 2nd period - Shot by Craig Smith.
0:32 of 2nd period - Stopped by Mike Smith without a rebound.
0:33 of 2nd period - Sean Couturier wins face-off versus Brad Richardson in Hurricanes zone.
0:44 of 2nd period - Shot by Karl Alzner.
0:44 of 2nd period - Stopped by Mike Smith without a rebound.
0:45 of 2nd period - Brian Boyle wins face-off versus Frans Nielsen in Hurricanes zone.
1:09 of 2nd period - Minor Penalty to Ben Lovejoy for Slashing.
1:10 of 2nd period - Brad Richardson wins face-off versus Sean Couturier in Hurricanes zone.
1:43 of 2nd period - Shot by Craig Smith.
1:43 of 2nd period - Shot Misses the Net.
1:45 of 2nd period - Shot by Mikael Backlund.
1:45 of 2nd period - Shot Misses the Net.
1:51 of 2nd period - Shot by Kris Russell.
1:51 of 2nd period - Shot Misses the Net.
2:29 of 2nd period - Shot by Alex Goligoski.
2:29 of 2nd period - Shot Misses the Net.
2:47 of 2nd period - Shot by Frans Nielsen.
2:47 of 2nd period - Shot Blocked by Brooks Orpik.
2:49 of 2nd period - Shot by Derek Morris.
2:49 of 2nd period - Stopped by Mike Smith without a rebound.
2:50 of 2nd period - Sean Couturier wins face-off versus Ryan Garbutt in Hurricanes zone.
3:05 of 2nd period - Shot by Kris Russell.
3:05 of 2nd period - Stopped by Mike Smith without a rebound.
3:06 of 2nd period - Frans Nielsen wins face-off versus Brad Richardson in Hurricanes zone.
3:07 of 2nd period - Shot by Tyler Ennis.
3:07 of 2nd period - Shot Blocked by Kevin Czuczman.
3:19 of 2nd period - Shot by David Legwand.
3:19 of 2nd period - Stopped by Mike Smith without a rebound.
3:20 of 2nd period - Frans Nielsen wins face-off versus Derek Roy in Hurricanes zone.
3:39 of 2nd period - Shot by Nick Foligno.
3:39 of 2nd period - Shot Misses the Net.
3:42 of 2nd period - Icing by Frans Nielsen.
3:43 of 2nd period - Frans Nielsen wins face-off versus Brad Richardson in Rangers zone.
3:45 of 2nd period - Icing by Derek Morris.
3:46 of 2nd period - Frans Nielsen wins face-off versus Brad Richardson in Rangers zone.
4:39 of 2nd period - Off-side.
4:40 of 2nd period - Derek Roy wins face-off versus Sean Couturier in neutral zone.
4:40 of 2nd period - Derek Roy is hit by Sean Couturier.
6:11 of 2nd period - Cal Clutterbuck is hit by Karl Alzner and loses puck.
6:14 of 2nd period - Shot by Brian Boyle.
6:14 of 2nd period - Deflect By Valeri Nichushkin.
6:14 of 2nd period - Stopped by Cam Talbot with a rebound.
6:16 of 2nd period - Shot by Brian Boyle.
6:16 of 2nd period - Stopped by Cam Talbot without a rebound.
6:17 of 2nd period - Frans Nielsen wins face-off versus Brad Richardson in Rangers zone.
6:21 of 2nd period - Icing by Lubomir Visnovsky.
6:22 of 2nd period - Frans Nielsen wins face-off versus Brad Richardson in Rangers zone.
6:27 of 2nd period - Derek Morris is hit by Ryan Garbutt and loses puck.
7:17 of 2nd period - Mark Letestu is hit by Ryan Garbutt and loses puck.
7:41 of 2nd period - Valeri Nichushkin is hit by Tomas Tatar and loses puck.
7:56 of 2nd period - Shot by Brian Boyle.
7:56 of 2nd period - Shot Misses the Net.
8:15 of 2nd period - Icing by Chris Tanev.
8:16 of 2nd period - David Legwand wins face-off versus Derek Roy in Rangers zone.
8:21 of 2nd period - Shot by Derek Roy.
8:21 of 2nd period - Stopped by Cam Talbot without a rebound.
8:22 of 2nd period - Derek Roy wins face-off versus Frans Nielsen in Rangers zone.
9:03 of 2nd period - Shot by Frans Nielsen.
9:03 of 2nd period - Shot Misses the Net.
9:05 of 2nd period - Shot by Jaromir Jagr.
9:05 of 2nd period - Stopped by Mike Smith without a rebound.
9:06 of 2nd period - Brad Richardson wins face-off versus Sean Couturier in Hurricanes zone.
9:06 of 2nd period - Brooks Orpik is hit by Craig Smith and loses puck.
9:17 of 2nd period - Shot by Sean Couturier.
9:17 of 2nd period - Shot Misses the Net.
9:19 of 2nd period - Shot by Derek Morris.
9:19 of 2nd period - Stopped by Mike Smith without a rebound.
9:20 of 2nd period - Sean Couturier wins face-off versus Brian Boyle in Hurricanes zone.
9:21 of 2nd period - Shot by Chris Tanev.
9:21 of 2nd period - Stopped by Mike Smith without a rebound.
9:22 of 2nd period - Brad Richardson wins face-off versus Sean Couturier in Hurricanes zone.
9:22 of 2nd period - Brad Richardson is hit by Mikael Backlund.
10:22 of 2nd period - Shot by Jaromir Jagr.
10:22 of 2nd period - Stopped by Mike Smith without a rebound.
10:23 of 2nd period - Frans Nielsen wins face-off versus Derek Roy in Hurricanes zone.
10:23 of 2nd period - Frans Nielsen is hit by Ben Lovejoy.
10:30 of 2nd period - Minor Penalty to Blake Wheeler for High sticking.
10:31 of 2nd period - Frans Nielsen wins face-off versus Brad Richardson in Hurricanes zone.
11:08 of 2nd period - Shot by Frans Nielsen.
11:08 of 2nd period - Shot Misses the Net.
11:10 of 2nd period - Shot by Derek Morris.
11:10 of 2nd period - Stopped by Mike Smith without a rebound.
11:11 of 2nd period - Brian Boyle wins face-off versus Sean Couturier in Hurricanes zone.
11:29 of 2nd period - Sean Couturier is hit by Dustin Byfuglien and loses puck.
12:17 of 2nd period - Shot by Frans Nielsen.
12:17 of 2nd period - Shot Misses the Net.
12:19 of 2nd period - Shot by Tyler Ennis.
12:19 of 2nd period - Deflect By Frans Nielsen.
12:19 of 2nd period - Goal by Frans Nielsen - Hurricanes : 3 - Rangers : 1.
12:20 of 2nd period - David Legwand wins face-off versus Brandon McMillan in neutral zone.
12:25 of 2nd period - Shot by David Legwand.
12:25 of 2nd period - Shot Hit the Post.
12:44 of 2nd period - David Legwand is hit by Kevin Czuczman and loses puck.
15:36 of 2nd period - David Legwand is hit by Cal Clutterbuck and loses puck.
16:05 of 2nd period - Shot by Valeri Nichushkin.
16:05 of 2nd period - Stopped by Cam Talbot without a rebound.
16:06 of 2nd period - Derek Roy wins face-off versus Frans Nielsen in Rangers zone.
16:09 of 2nd period - Shot by Blake Wheeler.
16:09 of 2nd period - Stopped by Cam Talbot without a rebound.
16:10 of 2nd period - Derek Roy wins face-off versus Sean Couturier in Rangers zone.
16:20 of 2nd period - Shot by Craig Smith.
16:20 of 2nd period - Deflect By Mikael Backlund.
16:20 of 2nd period - Shot Misses the Net.
17:24 of 2nd period - Shot by Valeri Nichushkin.
17:24 of 2nd period - Stopped by Cam Talbot without a rebound.
17:25 of 2nd period - Brad Richardson wins face-off versus David Legwand in Rangers zone.
17:35 of 2nd period - Shot by Raphael Diaz.
17:35 of 2nd period - Shot Misses the Net.
18:05 of 2nd period - Shot by Mark Letestu.
18:05 of 2nd period - Shot Misses the Net.
18:48 of 2nd period - Alex Goligoski is hit by Cal Clutterbuck.
18:54 of 2nd period - Shot by Valeri Nichushkin.
18:54 of 2nd period - Deflect By Cal Clutterbuck.
18:54 of 2nd period - Stopped by Cam Talbot without a rebound.
18:55 of 2nd period - Derek Roy wins face-off versus Sean Couturier in Rangers zone.
18:58 of 2nd period - Shot by Blake Wheeler.
18:58 of 2nd period - Stopped by Cam Talbot without a rebound.
18:59 of 2nd period - Derek Roy wins face-off versus Jaromir Jagr in Rangers zone.
19:09 of 2nd period - Shot by Blake Wheeler.
19:09 of 2nd period - Shot Misses the Net.
19:11 of 2nd period - Shot by Ben Lovejoy.
19:11 of 2nd period - Shot Blocked by Kris Russell.
19:13 of 2nd period - Shot by Ben Lovejoy.
19:13 of 2nd period - Shot Hit the Post.
19:32 of 2nd period - Shot by Blake Wheeler.
19:32 of 2nd period - Shot Misses the Net.
19:34 of 2nd period - Shot by Derek Roy.
19:34 of 2nd period - Shot Misses the Net.
19:40 of 2nd period - Shot by Nick Foligno.
19:40 of 2nd period - Stopped by Cam Talbot with a rebound.
19:54 of 2nd period - Brad Richardson is hit by Frans Nielsen and loses puck.
Goals for this period are 0 for Hurricanes vs 1 for Rangers.
Shots for this period are 9 for Hurricanes vs 12 for Rangers.

3rd period


0:01 of 3rd period - Frans Nielsen wins face-off versus Derek Roy in neutral zone.
0:21 of 3rd period - James Wisniewski is hit by Alex Goligoski and loses puck.
1:05 of 3rd period - Ryan Garbutt is hit by Kris Russell and loses puck.
1:08 of 3rd period - Shot by James Neal.
1:08 of 3rd period - Stopped by Cam Talbot with a rebound.
1:10 of 3rd period - Shot by James Neal.
1:10 of 3rd period - Shot Misses the Net.
1:12 of 3rd period - Shot by Raphael Diaz.
1:12 of 3rd period - Stopped by Cam Talbot without a rebound.
1:13 of 3rd period - Sean Couturier wins face-off versus Brian Boyle in Rangers zone.
2:07 of 3rd period - Icing by Dustin Byfuglien.
2:08 of 3rd period - David Legwand wins face-off versus Brad Richardson in Hurricanes zone.
2:09 of 3rd period - Shot by Derek Morris.
2:09 of 3rd period - Shot Misses the Net.
2:11 of 3rd period - Shot by Lubomir Visnovsky.
2:11 of 3rd period - Goal by Lubomir Visnovsky - Hurricanes : 3 - Rangers : 2.
2:12 of 3rd period - David Legwand wins face-off versus Derek Roy in neutral zone.
2:17 of 3rd period - Shot by David Legwand.
2:17 of 3rd period - Shot Misses the Net.
2:31 of 3rd period - Shot by Mark Letestu.
2:31 of 3rd period - Stopped by Mike Smith without a rebound.
2:32 of 3rd period - Frans Nielsen wins face-off versus Brad Richardson in Hurricanes zone.
2:33 of 3rd period - Shot by Tyler Ennis.
2:33 of 3rd period - Stopped by Mike Smith without a rebound.
2:34 of 3rd period - Brad Richardson wins face-off versus Tyler Ennis in Hurricanes zone.
3:16 of 3rd period - Icing by Brooks Orpik.
3:17 of 3rd period - Sean Couturier wins face-off versus Brad Richardson in Hurricanes zone.
3:17 of 3rd period - Sean Couturier is hit by James Wisniewski.
3:24 of 3rd period - Minor Penalty to Mikael Backlund for Hooking.
3:25 of 3rd period - Frans Nielsen wins face-off versus Derek Roy in Rangers zone.
3:46 of 3rd period - Shot by Nick Foligno.
3:46 of 3rd period - Shot Blocked by Karl Alzner.
5:01 of 3rd period - Shot by Nick Foligno.
5:01 of 3rd period - Shot Misses the Net.
5:03 of 3rd period - Shot by Kevin Czuczman.
5:03 of 3rd period - Goal by Kevin Czuczman - Hurricanes : 4 - Rangers : 2.
5:04 of 3rd period - David Legwand wins face-off versus Brian Boyle in neutral zone.
5:40 of 3rd period - Shot by Dustin Byfuglien.
5:40 of 3rd period - Stopped by Cam Talbot without a rebound.
5:41 of 3rd period - Derek Roy wins face-off versus Frans Nielsen in Rangers zone.
5:46 of 3rd period - Shot by Nick Foligno.
5:46 of 3rd period - Shot Misses the Net.
5:48 of 3rd period - Shot by Brooks Orpik.
5:48 of 3rd period - Shot Misses the Net.
5:50 of 3rd period - Shot by James Wisniewski.
5:50 of 3rd period - Shot Misses the Net.
5:52 of 3rd period - Shot by James Wisniewski.
5:52 of 3rd period - Shot Misses the Net.
6:09 of 3rd period - Shot by Nick Foligno.
6:09 of 3rd period - Stopped by Cam Talbot without a rebound.
6:10 of 3rd period - Brad Richardson wins face-off versus Sean Couturier in Rangers zone.
6:37 of 3rd period - Shot by Kris Russell.
6:37 of 3rd period - Stopped by Mike Smith without a rebound.
6:38 of 3rd period - Derek Roy wins face-off versus Frans Nielsen in Hurricanes zone.
7:47 of 3rd period - Shot by James Neal.
7:47 of 3rd period - Shot Misses the Net.
7:49 of 3rd period - Shot by Ryan Garbutt.
7:49 of 3rd period - Shot Blocked by Tyler Ennis.
7:51 of 3rd period - Shot by Ryan Garbutt.
7:51 of 3rd period - Goal by Ryan Garbutt - Hurricanes : 5 - Rangers : 2.
7:52 of 3rd period - Brandon McMillan wins face-off versus Sean Couturier in neutral zone.
8:27 of 3rd period - Shot by Raphael Diaz.
8:27 of 3rd period - Stopped by Cam Talbot with a rebound.
8:30 of 3rd period - Icing by Craig Smith.
8:31 of 3rd period - Brad Richardson wins face-off versus Craig Smith in Rangers zone.
8:58 of 3rd period - Shot by Lubomir Visnovsky.
8:58 of 3rd period - Shot Blocked by James Wisniewski.
9:00 of 3rd period - Shot by Derek Morris.
9:00 of 3rd period - Stopped by Mike Smith with a rebound.
9:02 of 3rd period - Shot by David Legwand.
9:02 of 3rd period - Shot Blocked by Dustin Byfuglien.
9:04 of 3rd period - Shot by Mark Letestu.
9:04 of 3rd period - Shot Misses the Net.
9:06 of 3rd period - Shot by Mark Letestu.
9:06 of 3rd period - Stopped by Mike Smith without a rebound.
9:07 of 3rd period - Derek Roy wins face-off versus Frans Nielsen in Hurricanes zone.
9:09 of 3rd period - Icing by Blake Wheeler.
9:10 of 3rd period - Frans Nielsen wins face-off versus Derek Roy in Hurricanes zone.
9:10 of 3rd period - Karl Alzner is hit by Raphael Diaz and loses puck.
9:19 of 3rd period - Minor Penalty to Kevin Czuczman for Roughing.
9:20 of 3rd period - Frans Nielsen wins face-off versus Brad Richardson in Hurricanes zone.
9:20 of 3rd period - Frans Nielsen is hit by Dustin Byfuglien.
9:37 of 3rd period - Alex Goligoski is hit by Brian Boyle and loses puck.
9:42 of 3rd period - Alex Goligoski is hit by Brian Boyle.
10:09 of 3rd period - Icing by Tyler Ennis.
10:10 of 3rd period - Frans Nielsen wins face-off versus Brad Richardson in Rangers zone.
10:54 of 3rd period - Shot by Craig Smith.
10:54 of 3rd period - Stopped by Mike Smith without a rebound.
10:55 of 3rd period - Frans Nielsen wins face-off versus Brad Richardson in Hurricanes zone.
10:58 of 3rd period - Shot by Tyler Ennis.
10:58 of 3rd period - Shot Blocked by Brooks Orpik.
11:00 of 3rd period - Shot by Frans Nielsen.
11:00 of 3rd period - Stopped by Mike Smith with a rebound.
11:02 of 3rd period - Shot by Derek Morris.
11:02 of 3rd period - Shot Blocked by Dustin Byfuglien.
11:04 of 3rd period - Shot by Derek Morris.
11:04 of 3rd period - Stopped by Mike Smith with a rebound.
11:06 of 3rd period - Shot by Derek Morris.
11:06 of 3rd period - Shot Blocked by Brooks Orpik.
11:12 of 3rd period - Shot by Frans Nielsen.
11:12 of 3rd period - Shot Misses the Net.
11:14 of 3rd period - Shot by Frans Nielsen.
11:14 of 3rd period - Stopped by Mike Smith without a rebound.
11:15 of 3rd period - Sean Couturier wins face-off versus Brian Boyle in Hurricanes zone.
11:16 of 3rd period - Shot by Karl Alzner.
11:16 of 3rd period - Goal by Karl Alzner - Hurricanes : 5 - Rangers : 3.
11:17 of 3rd period - Derek Roy wins face-off versus Sean Couturier in neutral zone.
11:19 of 3rd period - Off-side.
11:20 of 3rd period - Sean Couturier wins face-off versus Nick Foligno in neutral zone.
11:27 of 3rd period - Shot by Sean Couturier.
11:27 of 3rd period - Shot Blocked by Ben Lovejoy.
11:32 of 3rd period - Icing by Ben Lovejoy.
11:33 of 3rd period - Tyler Ennis wins face-off versus Derek Roy in Hurricanes zone.
11:33 of 3rd period - Frans Nielsen is hit by Dustin Byfuglien and loses puck.
11:36 of 3rd period - Shot by Kris Russell.
11:36 of 3rd period - Shot Misses the Net.
11:46 of 3rd period - Shot by Frans Nielsen.
11:46 of 3rd period - Stopped by Mike Smith without a rebound.
11:47 of 3rd period - Sean Couturier wins face-off versus Brad Richardson in Hurricanes zone.
12:18 of 3rd period - Brooks Orpik is hit by Craig Smith and loses puck.
12:23 of 3rd period - Shot by Sean Couturier.
12:23 of 3rd period - Deflect By Mikael Backlund.
12:23 of 3rd period - Stopped by Mike Smith without a rebound.
12:24 of 3rd period - Frans Nielsen wins face-off versus Derek Roy in Hurricanes zone.
13:10 of 3rd period - Off-side.
13:11 of 3rd period - Sean Couturier wins face-off versus Brad Richardson in neutral zone.
13:14 of 3rd period - Shot by Chris Tanev.
13:14 of 3rd period - Shot Misses the Net.
13:24 of 3rd period - Shot by Mikael Backlund.
13:24 of 3rd period - Stopped by Mike Smith without a rebound.
13:25 of 3rd period - Brian Boyle wins face-off versus David Legwand in Hurricanes zone.
14:36 of 3rd period - James Wisniewski is hit by Alex Goligoski and loses puck.
14:47 of 3rd period - Icing by Ryan Garbutt.
14:48 of 3rd period - Brad Richardson wins face-off versus Sean Couturier in Hurricanes zone.
14:48 of 3rd period - Brad Richardson is hit by Craig Smith.
15:26 of 3rd period - Shot by Mikael Backlund.
15:26 of 3rd period - Stopped by Mike Smith without a rebound.
15:27 of 3rd period - Frans Nielsen wins face-off versus Brian Boyle in Hurricanes zone.
15:41 of 3rd period - Shot by Valeri Nichushkin.
15:41 of 3rd period - Shot Blocked by Tyler Ennis.
15:43 of 3rd period - Shot by Cal Clutterbuck.
15:43 of 3rd period - Shot Misses the Net.
15:45 of 3rd period - Shot by Valeri Nichushkin.
15:45 of 3rd period - Shot Misses the Net.
16:27 of 3rd period - Cal Clutterbuck is hit by Tomas Tatar and loses puck.
17:13 of 3rd period - Icing by Derek Roy.
17:14 of 3rd period - Derek Roy wins face-off versus Sean Couturier in Hurricanes zone.
17:14 of 3rd period - Derek Roy is hit by Mikael Backlund.
17:40 of 3rd period - Shot by Mikael Backlund.
17:40 of 3rd period - Stopped by Mike Smith with a rebound.
17:42 of 3rd period - Shot by Mikael Backlund.
17:42 of 3rd period - Shot Misses the Net.
17:44 of 3rd period - Shot by Chris Tanev.
17:44 of 3rd period - Shot Misses the Net.
17:46 of 3rd period - Shot by Craig Smith.
17:46 of 3rd period - Shot Misses the Net.
18:30 of 3rd period - Shot by Ryan Garbutt.
18:30 of 3rd period - Deflect By James Neal.
18:30 of 3rd period - Shot Blocked by Kris Russell.
18:37 of 3rd period - Off-side.
18:38 of 3rd period - David Legwand wins face-off versus Brandon McMillan in neutral zone.
19:42 of 3rd period - Icing by David Legwand.
19:43 of 3rd period - Brian Boyle wins face-off versus David Legwand in Rangers zone.
Goals for this period are 2 for Hurricanes vs 2 for Rangers.
Shots for this period are 7 for Hurricanes vs 16 for Rangers.


Output by the SimonT Hockey Simulator (STHS) for Stephane Roy -- Original Page W3C XHTML 1.0 Valid
Hockey Simulator - Hockey Simulation - Hockey Manager